 Dungeon Crawl Stone Soup version 0.24-a0-375-g4de66ed (webtiles) character file.

Game seed: 10304296327184755857

128 GEC the Skirmisher (level 5, -5/54 HPs)
             Began as an Ogre Gladiator on May 31, 2019.
             Killed from afar by an orc wizard (8 damage)
             ... with a magic dart
             ... on level 3 of the Dungeon.
             The game lasted 00:06:32 (2648 turns).

GEC the Skirmisher (Ogre Gladiator)                 Turns: 2648, Time: 00:06:32

Health: -5/54      AC:  3    Str: 18    XL:     5   Next: 11%
Magic:  5/5        EV: 10    Int:  9    God:
Gold:   174        SH:  0    Dex: 11    Spells: 4/4 levels left

rFire    . . .     SeeInvis .   a - +0 flail
rCold    + . .     Gourm    .   (no shield)
rNeg     . . .     Faith    .   b - +0 robe
rPois    .         Spirit   .   c - +0 hat
rElec    .         Reflect  .   (no cloak)
rCorr    .         Harm     .   (gloves unavailable)
MR       .....                  (boots unavailable)
Stlth    +.........             (no amulet)
HPRegen  0.18/turn              (no ring)
MPRegen  0.09/turn              (no ring)

@: drained
A: large, unfitting armour, cold resistance 1, tough skin 1, wild magic 1
a: no special abilities


You were on level 3 of the Dungeon.
You were hungry.

You visited 1 branch of the dungeon, and saw 3 of its levels.

You collected 174 gold pieces.

Inventory:

Hand Weapons
 a - a +0 flail (weapon)
Missiles
 d - 3 throwing nets (quivered)
 k - 3 javelins
Armour
 b - a +0 robe (worn)
 c - a +0 hat (worn)
Wands
 p - a wand of polymorph (5)
Scrolls
 g - 2 scrolls of remove curse {unknown}
 i - a scroll of magic mapping {unknown}
 l - a scroll of teleportation {unknown}
 n - a scroll of enchant weapon {unknown}
 o - a scroll of identify {unknown}
Potions
 m - a potion of agility
Comestibles
 f - 7 rations


   Skills:
 + Level 3.8(2.7) Fighting
 * Level 3.8(2.7) Maces & Flails
 + Level 2.8(1.8) Throwing
 + Level 3.2(2.2) Dodging


You had 4 spell levels left.
You didn't know any spells.
Your spell library was empty.

Dungeon Overview and Level Annotations

Branches:
Dungeon (3/15)

Altars:
Ashenzari
Dithmenos


Innate Abilities, Weirdness & Mutations

You are too large for most types of armour.
You have tough skin. (AC +1)
Your flesh is cold resistant. (rC+)
Your spells are a little harder to cast, but a little more powerful.


Message History

You hit the orc.
The orc is lightly wounded.
The orc wizard misses you.
The orc hits you with a +1 vampiric falchion.
* * * LOW HITPOINT WARNING * * *
The orc draws strength from your wounds!
The orc wizard closely misses you.
You hit the orc.
The orc is almost dead.
The orc barely misses you.
The orc wizard hits you with a +0 dagger.
* * * LOW HITPOINT WARNING * * *
You sock the orc!
You kill the orc!
The orc wizard casts a spell at you. The magic dart hits you.
* * * LOW HITPOINT WARNING * * *
The orc wizard casts a spell at you. The magic dart hits you!
You die...

####.##...............
......#.#+####+#######
#######. # # ###
.####.#..
......#.#######
...........(... #@#
#.# #o# #.# #.# #.#
################.#
...>.............#
##################


You could see an orc wizard.

Vanquished Creatures
  A centaur skeleton (D:2)
  Terence (D:3)
  2 adders
  A worm (D:3)
  2 dart slugs
  A leopard gecko (D:3)
  3 orcs (D:3)
  3 giant cockroaches
  5 hobgoblins
  4 jackals (D:1)
  5 kobolds
  2 quokkas (D:2)
  8 bats
  4 frilled lizards (D:2)
  3 goblins
  5 rats
50 creatures vanquished.

Notes
Turn   | Place    | Note
-------+----------+-------------------------------------------
     0 | D:1      | GEC the Ogre Gladiator began the quest for the Orb.
     0 | D:1      | Reached XP level 1. HP: 22/22 MP: 1/1
   260 | D:1      | Reached XP level 2. HP: 28/29 MP: 2/2
   872 | D:2      | Reached XP level 3. HP: 37/37 MP: 3/3
  1076 | D:2      | Reached XP level 4. HP: 6/45 MP: 4/4
  1351 | D:2      | Found a shattered altar of Ashenzari.
  1651 | D:2      | Found a shadowy altar of Dithmenos.
  2299 | D:3      | Noticed Terence
  2317 | D:3      | Gained mutation: Your spells are a little harder to cast,
                  | but a little more powerful. [potion of mutation]
  2317 | D:3      | Gained mutation: Your flesh is cold resistant. (rC+)
                  | [potion of mutation]
  2322 | D:3      | Killed Terence
  2322 | D:3      | Reached XP level 5. HP: 15/54 MP: 5/5
  2648 | D:3      | Killed from afar by an orc wizard

Levels and vault maps discovered:
D:1:      lemuel_arrival_hallway, layout_basic
D:2:      layout_rooms, nicolae_dithmenos_through_a_glass_darkly,
          evilmike_ruin_ashenzari, first_ration
D:3:      layout_basic, uniq_terence

Skill      XL: |  1  2  3 |
---------------+----------+-----
Fighting       | 3 |  3.8
Maces & Flails | 3 |  3.8
Dodging        | 3 |  3.2
Throwing       | |  2.8

Action                   |  1- 3 |  4- 6 || total
-------------------------+-------+-------++-------
Melee: Flail             |   100 |    96 ||   196
Throw: Throwing net      |       |     3 ||     3
       Javelin           |       |     2 ||     2
Evoke: Wand              |       |     1 ||     1
  Use: Potion            |       |     4 ||     4
 Stab: Sleeping          |       |     1 ||     1
  Eat: Chunk             |     1 |     4 ||     5
Armor: Robe              |    48 |    21 ||    69
       Skin              |       |     7 ||     7
Dodge: Dodged            |    62 |    47 ||   109

Table legend:
 A = Non-vault XP
 B = Vault XP
 C = Vault XP percentage of total XP
 D = Non-vault monster count
 E = Vault monster count
 F = Vault count percentage of total count
                 A         B        C        D         E       F
            +---------+---------+-------+---------+---------+-------
      Total |     151 |      32 |  17.5 |      49 |       1 |   2.0
            +---------+---------+-------+---------+---------+-------
        D:1 |      29 |       0 |   0.0 |      18 |       0 |   0.0
        D:2 |      81 |       0 |   0.0 |      20 |       0 |   0.0
        D:3 |      41 |      32 |  43.8 |      11 |       1 |   8.3
            +---------+---------+-------+---------+---------+-------
